 Dungeon Crawl Stone Soup version 0.21-a0-273-g0785366 (webtiles) character file.

431 mrsun the Chiller (level 7, 0/41 HPs)
             Began as an Octopode Ice Elementalist on Sept 17, 2017.
             Was a Follower of Cheibriados.
             Slain by a small abomination (13 damage)
             ... summoned by miscasting Summon Ice Beast
             ... on level 4 of the Dungeon.
             The game lasted 00:10:15 (5578 turns).

mrsun the Chiller (Octopode Ice Elementalist)       Turns: 5578, Time: 00:10:16

Health: 0/41       AC:  1    Str: 10    XL:     7   Next: 0%
Magic:  0/12       EV: 13    Int: 23    God:    Cheibriados [*.....]
Gold:   101        SH:  0    Dex: 15    Spells: 3/13 levels left

rFire    . . .     SeeInvis .   e - +0 dagger
rCold    . . .     Gourm    .   (no shield)
rNeg     . . .     Faith    .   (helmet restricted)
rPois    +         Spirit   +   o - amulet of guardian spirit
rElec    .         Reflect  .   h - ring of poison resistance
rCorr    .         Harm     .   q - ring of flight
MR       .....                  (no ring)
Stlth    ++++......             (no ring)
HPRegen  0.13/turn              (no ring)
MPRegen  0.13/turn              (no ring)
                                (no ring)
                                (no ring)

@: very slightly contaminated, very slow
A: almost no armour, stealthy swim, amphibious, 8 rings, constrict 8, camouflage
1, gelatinous body 1
a: Bend Time, Renounce Religion, Evoke Flight


You were on level 4 of the Dungeon.
You worshipped Cheibriados.
Cheibriados was aware of your devotion.
You were not hungry.

You visited 1 branch of the dungeon, and saw 4 of its levels.

You collected 101 gold pieces.

Inventory:

Hand Weapons
 d - a +0 club
 e - a +0 dagger (weapon)
 f - a +0 hunting sling
 j - a +0 dagger
Missiles
 g - 88 stones (quivered)
Jewellery
 h - a ring of poison resistance (left tentacle)
 l - an uncursed ring of magical power {unknown}
 o - an amulet of guardian spirit (around mantle)
 q - a ring of flight (right tentacle)
Scrolls
 i - 2 scrolls of identify
 k - a scroll of fog
 m - 3 scrolls of enchant armour {unknown}
Potions
 n - a potion of brilliance
Books
 a - a book of Frost

   Spells                             Type                      Level
   a - Freeze                         Ice                          1
   b - Throw Frost                    Conjuration/Ice              2
   c - Ozocubu's Armour               Charms/Ice                   3
   d - Throw Icicle                   Conjuration/Ice              4
   e - Summon Ice Beast               Ice/Summoning                4
Comestibles
 b - 2 bread rations
 c - a royal jelly


   Skills:
 - Level 2.0 Dodging
 + Level 5.5 Stealth
 + Level 3.7 Spellcasting
 - Level 1.0 Conjurations
 * Level 5.7 Ice Magic


You had 3 spell levels left.
You knew the following spells:

 Your Spells              Type           Power        Failure   Level  Hunger
a - Freeze                Ice            ####         1%          1    None
b - Throw Frost           Conj/Ice       ###...       4%          2    #......
c - Ozocubu's Armour      Chrm/Ice       ###.....     10%         3    ###....
d - Summon Ice Beast      Ice/Summ       ###.....     32%         4    ####...


Dungeon Overview and Level Annotations

Branches:
Dungeon (4/15)
 Temple: D:4-7

Altars:
Cheibriados

Shops:
D:4 :

Annotations:
D:4 1 exclusion


Innate Abilities, Weirdness & Mutations

You cannot wear most types of armour.
You are very stealthy in the water. (Stealth+)
You are amphibious.
You can wear up to eight rings at the same time.
You can use your tentacles to constrict eight enemies at once.
Your skin changes colour to match your surroundings (Stealth+).
Your rubbery body absorbs attacks. (AC +1, EV +1)


Message History

The helpless adder fails to defend itself.
You puncture the adder!
You kill the adder!
Cheibriados thoroughly appreciates the change of pace.
You have reached level 7!
You see here an adder corpse.
Casting: Summon Ice Beast
Confirm with . or Enter, or press ? or * to list all spells.
You miscast Summon Ice Beast.
You are very lightly contaminated with residual magic.
You feel uncomfortably cold.
Casting: Summon Ice Beast
Confirm with . or Enter, or press ? or * to list all spells.
You miscast Summon Ice Beast.
A chorus of moans calls out to you! The small abomination hits you! x2
Unknown command.
The small abomination barely misses you.
The small abomination hits you!
You die...

*,,,,,,,,,,* #.........
*,,,,,,,,,,* #.).......
************ #......###
#......#.. #......#..
#......#..
*###############......#..
*........x.......######..
*.......@x..w..#.........
*..............#.........
*..............#.........
*..............##########
*###############


You could see 2 small abominations and a worm.

Vanquished Creatures
  A phantom (D:4)
  2 scorpions
  A howler monkey (D:4)
  3 orc wizards (D:3)
  5 adders
  A dart slug (D:1)
  A leopard gecko (D:3)
  2 orcs (D:3)
  3 giant cockroaches
  5 goblins
  5 hobgoblins
  9 jackals
  8 kobolds
  A quokka (D:2)
  A ball python (D:1)
  3 bats
  5 frilled lizards
  12 rats
68 creatures vanquished.

Vanquished Creatures (collateral kills)
  An ogre (D:4)
1 creature vanquished.

Grand Total: 69 creatures vanquished

Notes
Turn   | Place    | Note
-------+----------+-------------------------------------------
     0 | D:1      | mrsun the Octopode Ice Elementalist began the quest for the Orb.
     0 | D:1      | Reached XP level 1. HP: 11/11 MP: 3/3
   613 | D:1      | Reached XP level 2. HP: 17/17 MP: 5/5
   633 | D:1      | Learned a level 2 spell: Throw Frost
  1545 | D:2      | Reached XP level 3. HP: 21/21 MP: 4/6
  2081 | D:2      | Found a snail-covered altar of Cheibriados.
  2132 | D:2      | Learned a level 3 spell: Ozocubu's Armour
  2132 | D:2      | Became a worshipper of Cheibriados the Contemplative
  2564 | D:3      | Reached XP level 4. HP: 20/27 MP: 3/8
  3157 | D:3      | Reached * piety under Cheibriados
  3509 | D:3      | Reached XP level 5. HP: 15/31 MP: 5/9
  4249 | D:4      | Reached skill level 5 in Ice Magic
  4249 | D:4      | Reached XP level 6. HP: 36/36 MP: 10/10
  4358 | D:4      | Learned a level 4 spell: Summon Ice Beast
  4375 | D:4      | Found Eqei's Book Emporium.
  4585 | D:4      | Reached skill level 5 in Stealth
  4919 | D:4      | Noticed a phantom
  5337 | D:4      | Killed a phantom
  5571 | D:4      | Reached XP level 7. HP: 41/41 MP: 12/12
  5578 | D:4      | Slain by a small abomination

Vault maps used:
D:1:      saegor_arrival_under_anarchy, serial_glass, glass_columns_c,
          glass_columns_b, glass_columns_a, glass_columns_a, glass_columns_a
D:2:      cheibriados_altar_1, first_bread
D:4:      serial_shops, shop_fountains

Skill      XL: |  1  2  3  4  5  6 |
---------------+-------------------+-----
Stealth        | 3 4 5 |  5.5
Ice Magic      | 4 5 |  5.7
Spellcasting   | 3 |  3.7
Dodging        | |  2.0
Conjurations   | |  1.0

Action                   |  1- 3 |  4- 6 |  7- 9 || total
-------------------------+-------+-------+-------++-------
Melee: Dagger            |    26 |    54 |       ||    80
       Constrict         |     6 |    11 |       ||    17
       Tentacles         |     3 |    14 |       ||    17
Throw: Stone             |     1 |       |       ||     1
 Cast: Freeze            |    45 |    20 |       ||    65
       Throw Frost       |     1 |       |       ||     1
       Ozocubu's Armour  |       |     4 |       ||     4
       Summon Ice Beast  |       |     4 |       ||     4
  Use: Potion            |     2 |     5 |       ||     7
       Scroll            |     1 |     5 |       ||     6
 Stab: Sleeping          |     7 |     8 |       ||    15
  Eat: Chunk             |     5 |     5 |       ||    10
       Bread ration      |       |     1 |       ||     1
Armor: Skin              |     2 |     8 |       ||    10
Dodge: Dodged            |    33 |    32 |     1 ||    66

Table legend:
 A = Spawn XP
 B = Non-spawn XP
 C = Spawn XP percentage of total XP
 D = Spawn monster count
 E = Non-spawn monster count
 F = Spawn count percentage of total count
 G = Total turns spent on level
                    A         B        C        D         E        F      G
               +---------+---------+-------+---------+---------+-------+---------
         Total |       0 |     617 |   0.0 |       0 |      69 |   0.0 |  5578
               +---------+---------+-------+---------+---------+-------+---------
           D:1 |       0 |      22 |   0.0 |       0 |      13 |   0.0 |  1127
           D:2 |       0 |      36 |   0.0 |       0 |      16 |   0.0 |  1159
           D:3 |       0 |     259 |   0.0 |       0 |      31 |   0.0 |  1957
           D:4 |       0 |     300 |   0.0 |       0 |       9 |   0.0 |  1335
               +---------+---------+-------+---------+---------+-------+---------
